[Event "Mongolian Championship Women 2022"]
[Site "Chingis Khentii"]
[Date "2022.05.20"]
[Round "8.6"]
[White "Mungunzul, Bat-Erdene"]
[Black "Enkhtuul, Altan-Ulzii"]
[Result "0-1"]
[ECO "A70"]
[WhiteElo "2091"]
[BlackElo "2228"]
[Annotator "TA"]
[PlyCount "114"]
[EventDate "2022.05.12"]
[EventType "tourn"]
[EventCountry "MGL"]
[SourceTitle "playchess.com"]
[Source "ChessBase"]
[SourceQuality "1"]
[TimeControl "40/5400+30:1800+30"]

1. d4 Nf6 2. c4 c5 3. d5 e6 4. Nc3 exd5 5. cxd5 d6 6. e4 g6 7. Bd3 Bg7 8. h3 O-O 9. Nf3 Re8 10. O-O Nbd7 {[%emt 0:00:17][%cal Oc5c4] A70: Modern Benoni: 6 e4 g6 7 Nf3.} 11. Re1 Ne5 {[%emt 0:00:18] The modern move.} 12. Nxe5 Rxe5 {[%emt 0:00:08] White is slightly better.} 13. Bf4 Nh5 14. Bxe5 Bxe5 15. Bf1 Qg5 16. Qf3 Nf4 17. Kh1 $1 h5 18. Ne2 (18. Rab1 $14) 18... Bg4 $11 19. Qe3 ({Avoid the trap} 19. hxg4 $2 Qh4+ 20. Qh3 Nxh3 $19) 19... Bxe2 20. Rxe2 {[%emt 0:00:21][%mdl 64] Pin} Qf6 (20... Bd4 $5 21. Qd2 Qe5 $14) 21. Rc2 {[%emt 0:01:44] Black must now prevent g3.} Bxb2 22. Rb1 Bd4 23. Qf3 b6 {[%emt 0:00:13] [#]} 24. Rb3 $146 ({Predecessor:} 24. g3 Nxd5 25. Bg2 Qxf3 26. Bxf3 Nc7 27. Rd1 Ne6 28. e5 Rd8 29. exd6 Rxd6 30. Be2 {0-1 (58) Molina,R (2434)-Gabrielian,A (2463) Chess.com INT 2020}) 24... h4 25. Qg4 Nh5 26. Rf3 Qe7 27. Bd3 (27. Ba6 $11 {remains equal.}) 27... Kg7 (27... a6 $1 $17) 28. Re2 Be5 {[%emt 0:02:44][%mdl 1024] Black has compensation.} 29. Re1 Rh8 30. Bc4 ({Better is} 30. Kg1 $15) 30... Nf6 $1 $17 {[%emt 0:17:07] White is now going downhill.} 31. Qg5 Rh5 32. Qd2 Bd4 33. Rf4 {[%emt 0:00:21] [#]} ({White should try} 33. Qf4) 33... Re5 $1 34. Rxh4 {[%emt 0:01:09] White wants to mate with Qh6+.} g5 35. Rg4 ({Don't go for} 35. f4 $2 Rxe4 36. Rh7+ Nxh7 $19) 35... Nxg4 36. hxg4 Qf6 ({And not} 36... Rxe4 37. Rxe4 Qxe4 38. Qxg5+ Qg6 39. Qxg6+ fxg6 40. Kg1 $15) 37. Kg1 Re8 $40 {[%emt 0:00:06][%mdl 128] ...Rh8 is the strong threat. Black is out for blood.} 38. Re2 $2 (38. g3) 38... Rh8 $19 39. Qd3 Qf4 40. Rc2 Qh2+ 41. Kf1 Qh1+ 42. Ke2 Qg1 43. Kf3 Rh6 44. e5 {[%emt 0:00:54] Against Rf6+} Bxe5 {[%emt 0:07:58] Strongly threatening ...Rf6+.} 45. Qf1 Qh2 46. Ke2 Qf4 {[%emt 0:06:15] Threatens to win with ...Qe4+.} 47. f3 {[%emt 0:00:17] Against Qe4+} Rh2 {[%emt 0:00:33][%cal Ob6b5] Hoping for ...b5!} 48. Kd1 Qe3 49. Re2 Qd4+ 50. Rd2 Qa1+ 51. Ke2 Qc3 {[%emt 0:00:08] ( -> ...Bf4)} 52. Bd3 c4 53. Be4 Bf4 54. Rc2 Qe3+ 55. Kd1 c3 (55... a5 $142 56. a4 Qd4+ 57. Ke2 c3) 56. a4 a5 57. Ra2 {[%emt 0:02:29] [#]} Rh1 $3 {[%emt 0:00:18][%mdl 512] Weighted Error Value: White=0.95/Black=0.29 (precise)} 0-1

[Event "Mongolian Championship Women 2022"]
[Site "Chingis Khentii"]
[Date "2022.05.21"]
[Round "9.1"]
[White "Anu, Bayar"]
[Black "Munguntuul, Batkhuyag"]
[Result "0-1"]
[ECO "D31"]
[WhiteElo "2102"]
[BlackElo "2443"]
[Annotator "TA"]
[PlyCount "80"]
[EventDate "2022.05.12"]
[EventType "tourn"]
[EventCountry "MGL"]
[SourceTitle "playchess.com"]
[Source "ChessBase"]
[SourceQuality "1"]
[TimeControl "40/5400+30:1800+30"]

1. d4 d5 2. c4 e6 3. Nc3 c6 4. e4 dxe4 5. Nxe4 Bb4+ 6. Bd2 Qxd4 7. Bxb4 Qxe4+ 8. Ne2 Na6 9. Ba5 {[%emt 0:00:22][%csl Ga5][%cal Rd1d8] [#] D31: Queen's Gambit Declined: Semi-Slav without ...Nf6 (+ Marshall Gambit and Noteboom) and Exchange Variation lines without ...Nf6.} (9. Bf8 $5 Ne7 10. Bxg7 $11) 9... Bd7 {[%emt 0:09:28] Strongly threatening ...Nc5.} 10. Qd6 {[%emt 0:10:08] [#] Inhibits Nc5.} Nf6 $146 ({Predecessor:} 10... c5 11. O-O-O Nf6 12. Nc3 Qc6 13. Qg3 O-O 14. Rd6 Qc8 15. Bd3 Ne8 16. Rxa6 bxa6 {1-0 (44) Velikic,A (2274)-Chelushkina,I (2190) Vrnjacka Banja 2021}) 11. O-O-O {[%emt 0:03:09] The position is equal.} Qxc4+ 12. Nc3 Qc5 13. Bxa6 Qxd6 14. Rxd6 bxa6 15. Rhd1 Rb8 16. Ne4 $1 Nxe4 17. Rxd7 O-O 18. f3 Rb5 19. Bd8 (19. Be1 $5 Nf6 20. Rxa7 $11) 19... Nc5 20. Rxa7 h6 21. b3 e5 22. Be7 Re8 23. Bxc5 Rxc5+ $11 {[%emt 0:00:03][%mdl 4096] Endgame KRR-KRR} 24. Kb2 a5 25. Rdd7 (25. Rc1 $5 Rd5 26. Rxc6 $11) 25... e4 $1 26. Rxf7 Rg5 27. g3 ({White should try} 27. Kc3 $15) 27... exf3 $17 28. Rxf3 Re2+ 29. Kc3 (29. Ka3 $17 {was worth a try.}) 29... Rxh2 $19 30. a4 {[%emt 0:00:24] [#]} Rh3 (30... Rg2 $1 $19 31. Kd4 h5) 31. Kc4 (31. Kb2 $17) 31... h5 {[%emt 0:00:13] And now ...h4 would win.} 32. Rd3 Kh7 ({Stronger than} 32... Rhxg3 33. Rxg3 Rxg3 34. Rxa5 Rg4+ 35. Kd3 $15) 33. Ra6 Rg4+ ({Not} 33... Rgxg3 34. Rxg3 Rxg3 35. Rxa5) 34. Kc3 $2 (34. Rd4) 34... Rgxg3 35. Rxg3 Rxg3+ {[%emt 0:00:02] KR-KR} 36. Kc4 Rg5 37. Rxc6 h4 {[%emt 0:00:04][%cal Bh5h4,Bh4h3,Bh3h2][%mdl 32] ( -> ...h3)} 38. b4 h3 {[%emt 0:00:55] Black mates.} 39. Kb3 h2 40. Rc1 Rg1 {[%emt 0:00:00] Weighted Error Value: White=0.72/Black=0.08 (flawless)} 0-1

[Event "Mongolian Championship Women 2022"]
[Site "Chingis Khentii"]
[Date "2022.05.21"]
[Round "9.2"]
[White "Bayarmaa, Bayarjargal"]
[Black "Khulan, Enkhsaikhan"]
[Result "1-0"]
[ECO "C02"]
[WhiteElo "2124"]
[BlackElo "2111"]
[Annotator "TA"]
[PlyCount "105"]
[EventDate "2022.05.12"]
[EventType "tourn"]
[EventCountry "MGL"]
[SourceTitle "playchess.com"]
[Source "ChessBase"]
[SourceQuality "1"]
[TimeControl "40/5400+30:1800+30"]

1. d4 d5 2. c4 e6 3. Nc3 c6 4. e4 Bb4 5. cxd5 cxd5 6. e5 Nc6 {[%emt 0:01:08] C02: French: Advance Variation.} 7. a3 Ba5 8. b4 {[%emt 0:01:35] [#]} Bc7 $146 {[%emt 0:02:43] White is better.} ({Predecessor:} 8... Bb6 9. Nf3 Nge7 10. Be2 O-O 11. O-O a6 12. Qd3 Nf5 13. Be3 f6 14. exf6 Qxf6 {0-1 (21) Strzemieczny,J (1241)-Grochowski,M (1744) Warsaw 2018}) 9. Qg4 Nge7 10. Bd3 (10. Qxg7 Rg8 11. Qxh7 Nxd4) 10... h5 (10... O-O $142) 11. Qh4 {[%emt 0:07:15] 0x0.001a2cbfc2e0dp-1022s more active pieces. The black rooks are badly placed.} (11. Qxg7 $16 Rg8 12. Qh7 Nxd4 13. Bf4) 11... Nf5 $14 12. Qxd8+ Bxd8 13. Bxf5 exf5 14. Nge2 Be6 15. h4 $1 Bb6 16. Be3 O-O 17. Rd1 Rac8 18. g3 Ne7 19. Bg5 (19. Kd2 {seems wilder.} Rc4 20. Rc1 Rd8 21. Na4) 19... Ng6 20. O-O Rc4 21. Rd2 Bd8 ({Better is} 21... f6 $11 22. exf6 gxf6) 22. Bxd8 Rxd8 23. Nb5 Rdc8 {[%emt 0:22:15] Black is on the road to losing.} ({Black should try} 23... b6 $14) 24. Nxa7 $16 Ra8 25. Nb5 Bd7 26. Nd6 Rc7 27. Ra1 Ne7 28. Rd3 Rc2 (28... Nc8 $16 {might work better.}) 29. Nf4 $18 b5 30. Nxh5 {[%emt 0:01:57] Pair of Knights!} Ng6 31. Kg2 Ra7 32. Re1 Rac7 33. Red1 Ra2 34. R1d2 Ra1 35. Rb3 Rcc1 36. Kf3 {[%emt 0:00:33] Inhibits f4.} Bc6 $2 {[%emt 0:00:51] [#]} (36... Kf8 37. Rbd3 Rc7) 37. Nxf5 Bd7 38. Nhxg7 Kh7 39. h5 Nf8 40. Kf4 Rh1 (40... Rc6 $142 41. f3 Rh1) 41. Rc3 Bxf5 42. Nxf5 Rxh5 43. Kg4 Kg6 44. Ne7+ Kh6 45. Nxd5 Rhh1 46. Nf4 Rhc1 47. Rxc1 Rxc1 {[%emt 0:00:09][%mdl 4096] Endgame KRN-KRN} 48. d5 Kg7 49. Kf5 Rc3 50. e6 Ng6 51. Nxg6 {[%emt 0:00:48] White mates.} fxg6+ 52. Kg5 Rxa3 53. d6 {[%emt 0:00:06] Weighted Error Value: White=0.14 (very precise) /Black=0.34} 1-0

[Event "Mongolian Championship Women 2022"]
[Site "Chingis Khentii"]
[Date "2022.05.21"]
[Round "9.3"]
[White "Munkhzul, Davaakhuu"]
[Black "Amin-Erdene, Bayanmunkh"]
[Result "1-0"]
[ECO "B09"]
[WhiteElo "1991"]
[BlackElo "1425"]
[Annotator "TA"]
[PlyCount "125"]
[EventDate "2022.05.12"]
[EventType "tourn"]
[EventCountry "MGL"]
[SourceTitle "playchess.com"]
[Source "ChessBase"]
[SourceQuality "1"]
[TimeControl "40/5400+30:1800+30"]

1. e4 d6 2. d4 Nf6 3. Nc3 g6 4. f4 Bg7 5. Nf3 O-O 6. e5 dxe5 7. fxe5 Nd5 8. Bc4 Nxc3 9. bxc3 c5 10. O-O {[%emt 0:01:12] Strongly threatening Ng5. B09: Pirc Defence: Austrian Attack.} Bg4 $1 {[%emt 0:00:09] 10...Bg4 scores better than 10...Nc6.} 11. Ba3 Nc6 {[%emt 0:40:54] aiming for ...cxd4.} 12. Bxc5 {[%emt 0:15:02] [#] The position is equal.} Qc7 $146 ({Predecessor:} 12... Qa5 13. Bd5 Nxe5 14. Bxb7 Rab8 15. Bb4 {½-½ (15) Pruijssers,R (2506)-Ikonnikov,V (2546) Vlissingen 2018}) 13. Be2 (13. Qd3 {feels hotter.} Bxf3 14. Qxf3 Nxe5 15. Qf4) 13... Bxf3 14. Rxf3 {[%emt 0:00:18] [#]} Nxe5 $1 15. Rh3 b6 16. Ba3 Nc6 (16... Nc4 $11 17. Bxc4 Qxc4) 17. Kh1 ({White should try} 17. Qd2 $14) 17... Rfe8 18. Qe1 e5 19. d5 Na5 20. Qh4 h6 21. Bc1 {[%emt 0:02:27] White is more active.} (21. Bb5 $16) 21... g5 22. Qe4 Nb7 23. Ba3 $1 Nc5 24. Bxc5 Qxc5 25. Bd3 {[%emt 0:01:02] Threatens to win with Rf1.} Rad8 $1 (25... Kf8 26. Rf1 Qd6 27. c4 $16 (27. Qf3 Re7 $16)) 26. Qh7+ Kf8 27. Be4 Rxd5 28. Bxd5 Qxd5 29. Qf5 Qe6 30. Qe4 Rc8 31. Rd3 Rc4 (31... Kg8 $16) 32. Rd8+ (32. Qa8+ $1 $18 Rc8 33. Qxa7) 32... Ke7 $14 33. Qa8 Qc6 {[%emt 0:00:30] Against Re8+} 34. Qb8 Qc7 $1 35. Re8+ Kf6 36. Rf1+ (36. Qa8 $14 {feels stronger.}) 36... Kg6 $11 37. Qa8 $36 {[%emt 0:00:29][%mdl 2048] next Qf3 is good for White. White is pushing.} Qc6 38. Qd8 Rf4 39. Rxf4 {The board is on fire.} gxf4 {[%emt 0:00:01][%mdl 4096] Endgame KQR-KQB} (39... exf4 $14 40. Qd3+ f5) 40. Qd3+ $1 $16 f5 41. Rd8 {[%emt 0:23:01] Rd6+ is the strong threat.} Bf6 (41... Qc5 $16) 42. Qd7 $1 $18 {[%emt 0:01:07] Threatening mate with Rg8+.} Qc4 {[%emt 0:02:30][%cal Rc4f1] Prevents Rg8+.} 43. Qe8+ Kh7 {[%emt 0:00:39][%cal Rc4f1] [#]} 44. Rd1 {[%emt 0:00:26] Inhibits Qf1+. And now h3 would win.} (44. Rd7+ Bg7 45. h3 Qe2 $11) 44... e4 $2 {[%emt 0:02:47][%mdl 8192] This move loses the game for Black.} (44... Qe4 $16 {is tougher.}) 45. h4 {[%emt 0:01:18] Black must now prevent Rd7+.} ({Worse is} 45. Rd7+ Bg7 46. h4 Qf1+ 47. Kh2 Qf2 $11) 45... f3 46. h5 {[%emt 0:00:42] White wants to mate with Rd7+.} fxg2+ 47. Kg1 {[%emt 0:00:15] Rd7+ would kill now.} Qg8 48. Qxg8+ ({Not} 48. Rd7+ Kh8 49. Qxg8+ Kxg8 50. Rxa7 Bxc3 51. Kxg2 Kf8 $18) (48. Qd7+ $142 Kh8 49. Qxf5) 48... Kxg8 {[%emt 0:00:01] KR-KB} 49. Rd5 Bxc3 50. Kxg2 ({Wrong is} 50. Rxf5 $2 e3 51. Rf4 e2 52. Rg4+ Kf8 53. Rf4+ Kg7 $19) 50... f4 51. Rf5 {[%emt 0:00:36][%mdl 1024] White has strong compensation.} Bd2 (51... f3+ {is more resistant.} 52. Kg3 Bd2) 52. Re5 e3 53. Kf3 Kf7 54. Rf5+ Ke6 55. Rxf4 Ke5 (55... e2 $142) 56. Rf7 a6 57. Ke2 {[%emt 0:00:26] Hoping for Rh7.} Bc3 58. Rh7 Kf5 59. Rxh6 Bd4 60. Rg6 (60. Rc6 $142 a5 61. h6 a4 62. Rd6 Bc5 63. h7 Bxd6 64. h8=Q Bc5 65. Qh5+ Ke6 66. Qe8+ Kd6 67. Qxa4) 60... a5 61. Rg8 {[%emt 0:00:18] White mates.} Ke6 62. h6 Kd5 63. h7 {[%emt 0:00:09] Weighted Error Value: White=0.14 (very precise) /Black=0.63} (63. Rd8+ $142 Kc5 {[#]} 64. Rxd4 $1 Kxd4 65. h7 Kd5 66. h8=Q b5 67. Qd8+ Kc5 68. Qxa5) 1-0

[Event "Mongolian Championship Women 2022"]
[Site "Chingis Khentii"]
[Date "2022.05.21"]
[Round "9.4"]
[White "Tsetsenbileg, Munkhbayar"]
[Black "Mungunzul, Bat-Erdene"]
[Result "0-1"]
[ECO "D15"]
[WhiteElo "1830"]
[BlackElo "2091"]
[Annotator "TA"]
[PlyCount "134"]
[EventDate "2022.05.12"]
[EventType "tourn"]
[EventCountry "MGL"]
[SourceTitle "playchess.com"]
[Source "ChessBase"]
[SourceQuality "1"]
[TimeControl "40/5400+30:1800+30"]

1. d4 d5 2. c4 c6 3. Nc3 Nf6 4. e3 a6 5. Nf3 Bf5 6. Bd2 {[%emt 0:02:32] D15: Slav Defence: 4 Nc3 a6 and gambit lines after 4 Nc3 dxc4.} e6 7. Qb3 Ra7 8. Nh4 {[%emt 0:01:09] The position is equal.} Bg4 9. f3 ({White should try} 9. h3 $14 Bh5 10. g4) 9... Bh5 $11 {[%emt 0:02:51] [#]} 10. O-O-O $146 ({Predecessor:} 10. f4 Ne4 11. Nxe4 Qxh4+ 12. Nf2 Nd7 13. g3 Qd8 14. Bg2 Bd6 15. e4 dxe4 16. Nxe4 {1-0 (63) Niemann,H (2460)-Sohier,J (2188) Chess.com INT 2019}) 10... Nfd7 11. g4 Bxg4 {[%emt 0:03:51] [#]} (11... Qxh4 $11 12. gxh5 b5) 12. fxg4 (12. cxd5 $1 $14 cxd5 (12... Bh5 13. dxe6) 13. fxg4 Qxh4 14. e4 dxe4 15. Nxe4) 12... Qxh4 (12... dxc4 $11 13. Bxc4 (13. Qxc4 Qxh4 14. Qe2 h5 $11) 13... Qxh4) 13. Be2 (13. cxd5 $14 cxd5 14. e4 dxe4 15. Nxe4) 13... b5 14. cxd5 cxd5 15. e4 b4 16. Na4 dxe4 (16... Nf6 $11) 17. d5 {[%emt 0:01:53] Kb1 is the strong threat.} exd5 (17... e5 $1 $14) 18. Qxd5 (18. Kb1 $1 $16) 18... Be7 $1 19. Qxe4 a5 (19... Nf6 $11 {keeps the balance.} 20. Qf4 O-O) 20. Bf4 $16 {[%emt 0:07:59] Hoping for Bxb8.} (20. Be3 $6 Rc7+ 21. Kb1 O-O $14) 20... O-O 21. Qe3 Nc5 $2 (21... Nc6 $16) 22. Kb1 $2 (22. Nxc5 $18 {is the precise move to win.} Rc8 23. Kb1 $1 Bxc5 24. Rc1) 22... Nxa4 23. Qxa7 $18 Nc6 24. Qe3 {[%emt 0:02:32] Strongly threatening Bb5.} Qf6 25. Qb3 (25. Rd2 $16) 25... Nc3+ $40 {[%emt 0:02:52][%mdl 128] Black is up to no good.} ({Don't take} 25... Qxf4 26. Qxa4 Ne5 27. Qc2 $16) ({Don't play} 25... Nc5 26. Qc4 $16) 26. bxc3 Qxf4 27. Qd5 $2 {[%emt 0:02:41][%mdl 8192] [#]} (27. Rhf1 $15 Qxh2 28. Bd3) 27... Qc7 $2 (27... bxc3 $1 $19 {[%cal Oc3c2] ( -> ...c2+!)} 28. Qxc6 Rb8+ 29. Kc2 (29. Ka1 {gets mated.} c2) 29... Bf6) 28. Bb5 $11 Na7 (28... Nd8 $11) 29. Qd7 $2 (29. c4 $16 {is forced if you want to stay better.}) 29... Nxb5 $19 {[%emt 0:02:22][%cal Ba7b5,Bb5c7,Bc7e6][%mdl 32] White is now going downhill.} 30. Qxc7 Nxc7 31. Rd7 Bd8 32. Rhd1 Ne6 33. cxb4 axb4 34. Rb7 Bc7 35. h3 Rb8 36. Rxb8+ Bxb8 37. Kc2 {[%emt 0:00:37] [#]} Ba7 $1 38. Kb3 Bc5 39. Kc4 g6 40. Kd5 Kg7 41. Kc6 Bf8 42. Kd7 Nc5+ 43. Ke8 Ne4 {[%emt 0:00:12] Threatens to win with ...f5.} 44. Rf1 f6 45. Rd1 Kg8 46. Rf1 Nd6+ 47. Kd7 Kf7 48. Rc1 (48. Rf4 {keeps fighting.} Nb5 49. Rf3) 48... f5 49. gxf5 gxf5 50. Kc6 Ke6 51. Re1+ Ne4 52. Rg1 {[%emt 0:00:11] Inhibits Bg7.} f4 {[%emt 0:00:36] And now ...f3 would win.} 53. Rg8 Be7 54. Rg4 Ke5 55. Rg7 Bf6 56. Rg1 f3 57. Kb5 Be7 58. Rg7 Kf6 59. Rg1 f2 60. Rf1 Bc5 61. h4 Nd2 {[%emt 0:00:17] Black mates.} 62. Rxf2+ Bxf2 63. Kxb4 Bxh4 64. a4 Bf2 65. a5 h5 66. a6 h4 67. a7 Bxa7 {[%emt 0:00:03] Weighted Error Value: White=0.75/Black=0.46} 0-1

[Event "Mongolian Championship Women 2022"]
[Site "Chingis Khentii"]
[Date "2022.05.21"]
[Round "9.5"]
[White "Nomindalai Tumurbaatar"]
[Black "Munkhzul, Turmunkh"]
[Result "1/2-1/2"]
[ECO "E62"]
[WhiteElo "2111"]
[BlackElo "2294"]
[Annotator "TA"]
[PlyCount "105"]
[EventDate "2022.05.12"]
[EventType "tourn"]
[EventCountry "MGL"]
[SourceTitle "playchess.com"]
[Source "ChessBase"]
[SourceQuality "1"]
[TimeControl "40/5400+30:1800+30"]

1. d4 Nf6 2. c4 g6 3. g3 Bg7 4. Bg2 O-O 5. Nc3 d6 6. Nf3 Nc6 7. O-O e5 8. dxe5 Nxe5 9. Nxe5 dxe5 10. Qxd8 Rxd8 11. Bg5 {[%emt 0:04:42] Hoping for Ne4.} Rd7 {[%emt 0:00:08] E62: King's Indian: Fianchetto: 6...c6 and Panno Variation (6...Nc6) without ...a6.} 12. Rad1 {[%emt 0:03:02] 12.Rfd1 is more advanced technology.} c6 13. Na4 h6 {[%emt 0:10:14] [#]} 14. Bd2 $146 ({Predecessor:} 14. Be3 Rxd1 15. Rxd1 Be6 16. b3 Nd7 17. h4 Bf8 18. Be4 f5 19. Bb1 Kf7 20. f3 {½-½ (38) Dragun,K (2584)-Sepp,O (2411) Batumi 2019}) 14... Re7 15. Bc3 Bg4 16. Rfe1 Nd7 17. b3 Rc8 18. h3 Be6 19. Rd6 f6 20. Red1 {[%emt 0:02:48][%cal Od6e6] Threatens to win with Rxe6!} Nf8 21. Nc5 Kf7 22. a4 Rcc7 23. a5 {[%emt 0:01:52] Strongly threatening a6.} a6 24. Bb4 Re8 (24... f5 $16) 25. R6d2 (25. Rd8 $18) 25... f5 $16 26. e4 Bc8 27. exf5 $1 gxf5 28. Bf3 $1 Kg6 {[%emt 0:03:31] [#] Against Bh5+} 29. Rd6+ (29. Rd8 $142 $1 Rxd8 30. Rxd8) 29... Ne6 30. g4 {[%emt 0:01:53] And now gxf5+ would win. White is much more active. The black rooks are badly placed.} Kh7 31. Nxe6 (31. gxf5 {looks sharper.} Nxc5 32. Bh5 Bxf5 33. Bxe8 Nxb3 34. c5) 31... Bxe6 32. gxf5 Bxf5 33. Rd8 (33. Bg4 $14 Rf8 34. Bc5) 33... Rxd8 $11 34. Rxd8 Bf6 35. Rf8 Kg7 36. Rb8 Bxh3 37. Bf8+ (37. Be4 $11) 37... Kg6 $17 38. b4 Kf5 (38... Rc8 $17 39. Be4+ Kg5 40. Rxc8 Bxc8) 39. Kh2 {[%emt 0:00:37] [#]} ({White should try} 39. b5 $15) 39... Bf1 $1 40. c5 (40. Bc5 $17) 40... e4 41. Bd6 {[%emt 0:02:37] aiming for Bxe4+.} Rg7 42. Bh1 Bd4 (42... Bc4 $17 {White must now prevent ...Be5+.} 43. Bg2 Bc3 44. Rf8+ Rf7 45. Rxf7+ Bxf7 46. Bh3+ Kg5) 43. Rf8+ $11 {[%emt 0:04:44] The position is equal.} Ke6 44. Bxe4 Be5+ 45. f4 $1 ({Reject} 45. Bxe5 Kxe5 46. Bf3 Kd4 47. Rf4+ Kc3 $17) 45... Bxd6 46. cxd6 Kxd6 {[%emt 0:00:34][%mdl 4096] Endgame KRB-KRB} 47. Rf6+ Ke7 48. Rxh6 Rg4 49. Rh7+ Kd6 50. Rh6+ Ke7 51. Rh7+ Kd6 52. Rh6+ Ke7 53. Rh7+ {[%emt 0:00:04] Weighted Error Value: White=0.15 (very precise) /Black=0.09 (flawless)} 1/2-1/2

[Event "Mongolian Championship Women 2022"]
[Site "Chingis Khentii"]
[Date "2022.05.21"]
[Round "9.6"]
[White "Enkhtuul, Altan-Ulzii"]
[Black "Altantuya, Boldbaatar"]
[Result "1-0"]
[ECO "E19"]
[WhiteElo "2228"]
[BlackElo "2263"]
[Annotator "TA"]
[PlyCount "131"]
[EventDate "2022.05.12"]
[EventType "tourn"]
[EventCountry "MGL"]
[SourceTitle "playchess.com"]
[Source "ChessBase"]
[SourceQuality "1"]
[TimeControl "40/5400+30:1800+30"]

1. d4 Nf6 2. Nf3 e6 3. c4 b6 4. g3 Bb7 5. Bg2 Be7 6. O-O O-O 7. Nc3 Ne4 8. Qc2 f5 9. d5 Nxc3 10. bxc3 Bf6 {[%emt 0:08:06] E19: Queen's Indian: Old Main Line with 7...Ne4 8 Qc2 Nxc3 8 Qxc3.} ({Black should try} 10... Na6 $11) 11. Ba3 Re8 12. Rfd1 {[%emt 0:01:07] White is more active.} Qc8 {[%emt 0:00:22] White is slightly better.} 13. Nd4 {[%emt 0:01:34] [#]} Bxd4 $146 ({Black should play} 13... g6 $14) ({Predecessor:} 13... g6 14. e4 Na6 15. Nb5 d6 16. f4 Nc5 17. Bxc5 bxc5 18. e5 a6 19. exf6 axb5 20. cxb5 exd5 21. Rxd5 {0-1 (26) Slacky,S (2168)-Bednar,M (2266) Slovakia 2011}) 14. cxd4 $16 (14. Rxd4 $6 d6 $11) 14... Na6 (14... exd5 $16 {was called for.} 15. cxd5 (15. Qxf5 dxc4 16. Bd5+ Kh8 $14) 15... d6) 15. Rac1 (15. e4 $1 $18) 15... d6 (15... exd5 $16 {was worth a try.} 16. cxd5 (16. Qxf5 dxc4 17. Bd5+ Bxd5 $16) 16... d6) 16. e4 $18 exd5 17. exd5 (17. exf5 Qd7 18. Bxd5+ (18. cxd5 Qf7 $16) 18... Bxd5 19. cxd5 Re7) (17. cxd5 $6 fxe4 18. Bxe4 Kh8 $16) 17... Qd7 {[%emt 0:07:51] [#]} 18. c5 $1 {[%emt 0:03:00] aiming for c6.} dxc5 19. dxc5 bxc5 (19... Nxc5 20. Bxc5 bxc5 21. Qxc5 (21. Qb3 Rab8 $16) 21... Re7) 20. Qb3 Rab8 21. d6+ Qf7 22. Qxf7+ (22. Bxb7 Qxb3 23. axb3 Rxb7 $14) 22... Kxf7 23. dxc7 Nxc7 24. Rd7+ ({Not} 24. Bxc5 Bxg2 25. Rd7+ (25. Kxg2 Ne6 $16) 25... Ke6 26. Rd6+ (26. Rxc7 Be4 $14) 26... Kf7 $16) 24... Re7 25. Rxe7+ Kxe7 26. Bxc5+ Kd7 27. Rb1 ({Weaker is} 27. Bxa7 Ra8 $16) 27... Bxg2 28. Rxb8 {[%emt 0:00:09][%mdl 4096] Endgame KRB-KBN} Bd5 29. Bxa7 Bxa2 30. Rh8 Ke7 31. Rxh7 Ne6 32. Rh8 Bd5 33. f4 Be4 34. Kf2 Bd5 35. Rb8 Bc6 36. Ke3 Bg2 37. Rb2 Bc6 38. Bd4 Kd6 39. Rd2 {[%emt 0:03:06] Strongly threatening Bxg7+.} Bd5 $2 (39... Ke7 40. Bc3 Bh1) 40. Be5+ Kc6 41. h3 g6 42. g4 fxg4 43. hxg4 Nd8 44. f5 gxf5 45. g5 {[%emt 0:00:22] White threatens Kf4 and mate.} Nf7 (45... Ne6 $142 46. g6 Kc5 47. Rc2+ Kb5) 46. Kf4 {[%emt 0:00:28] Intending g6 and mate.} Be4 (46... Nxg5 $18 47. Rc2+ Kb5 48. Kxg5 Be4) 47. g6 Nh6 48. Rd8 Bd5 49. Bg7 Ng8 50. Bf8 Bb3 51. Kxf5 Kc7 52. Rd2 Kc6 53. Rb2 Bd5 54. Ke5 Bf3 55. Rd2 Bh5 56. Kf5 Kc7 57. Rh2 Bd1 58. Ke5 Kc6 59. Ba3 Kc7 60. Rb2 Bh5 61. Bd6+ Kc6 62. Rb8 Nh6 63. Rh8 Ng4+ 64. Kf4 Nf6 {[%emt 0:04:16] [#]} 65. Be5 (65. g7 $142 $1 Be8 (65... Kxd6 66. Rh6) 66. Ke5 Ng4+ 67. Ke6 Ne3 68. g8=Q Bd7+ 69. Ke7 Nd5+ 70. Kd8) 65... Nd5+ (65... Bxg6 $142 66. Bxf6 Kd6 67. Rd8+ Ke6) 66. Ke4 $2 {[%emt 0:10:52] Black got outplayed after the opening.  Weighted Error Value: White=0.18 (very precise) /Black=0.49} ({Only move:} 66. Kg5 $18 Bxg6 67. Kxg6) 1-0